[Event "*** Titled Tuesday Blitz"]
[Site "Chess.com"]
[Date "2021.03.02"]
[Round "3"]
[White "kidagent"]
[Black "aljado"]
[Result "0-1"]
[WhiteElo "2313"]
[BlackElo "2103"]
[TimeControl "180+1"]
[EndTime "10:26:54 PST"]
[Termination "aljado won by resignation"]

1. e4 c5 2. Nf3 e6 3. d4 cxd4 4.
Nxd4 Bc5 5. Nb3 Bb6 6. c4 Ne7 7.
Nc3 Nbc6 8. Be2 O-O 9. O-O f5 10.
exf5 Nxf5 11. c5 Bc7 12. Ne4 Qh4 13. Nd6 Nxd6 14. cxd6 Bb6 15. Be3 Bxe3 16. fxe3 b6 17. Rxf8+ Kxf8 18. Bf3 Bb7 19. Qd2 Kg8 20. Rf1 Ba6 21.
Bxc6 dxc6 22. Rf4 Qg5 23. Nd4 Qd5 24. Nf3 Qxa2 25. Ng5 e5 26. d7 Rd8 27. Nf7 Qb1+ 28. Kf2 Qf1+ 29. Kg3 exf4+ 30. exf4 Kxf7 0-1

[Event "*** Titled Tuesday Blitz"]
[Site "Chess.com"]
[Date "2021.03.02"]
[Round "3"]
[White "mamonika"]
[Black "AsaHoffmann"]
[Result "1-0"]
[WhiteElo "2031"]
[BlackElo "2293"]
[TimeControl "180+1"]
[EndTime "10:26:54 PST"]
[Termination "mamonika won by resignation"]

1. e4 d6 2. d4 Nf6 3. Nc3 c6 4. Be3 Ng4 5. Qd2 Nxe3 6. Qxe3 g6 7. Nf3 Bg7 8. h4 h6 9. Bd3 Nd7 10. O-O-O Qa5 11. Kb1 b5 12. e5 dxe5 13. dxe5 Nb6 14. Qc5 Bb7 15. e6 O-O 16. exf7+ Rxf7 17. Bxg6 Rf6 18. h5 Na4 19. Nxa4 Qxa4 20. Qxe7 Qa6 21. Rd7 1-0

[Event "*** Titled Tuesday Blitz"]
[Site "Chess.com"]
[Date "2021.03.02"]
[Round "3"]
[White "zimmm36"]
[Black "KononenkoD"]
[Result "1-0"]
[WhiteElo "2306"]
[BlackElo "2508"]
[TimeControl "180+1"]
[EndTime "10:26:55 PST"]
[Termination "zimmm36 won on time"]

1. d4 Nf6 2. c4 c5 3. d5 b5 4.
cxb5 a6 5. bxa6 g6 6. Nc3 Bg7 7. g3 O-O 8. Bg2 Rxa6 9. Nf3 e6 10. dxe6 fxe6 11. O-O d5 12. Bg5 Nc6 13. e4 d4 14. e5 dxc3 15. Qxd8 Nxd8 16. exf6 Bxf6 17. Bxf6 Rxf6 18. bxc3 Bb7 19. Ne5 Bxg2 20. Kxg2 Nf7 21. Rfe1 Ra3 22. Nd7 Rf5 23. Re3 Rd5 24. Nf6+ Kg7 25.
Nxd5 exd5 26. Rd1 Rxa2 27. Rxd5 c4 28. Rd7 Kg8 29. Re8+ 1-0

[Event "*** Titled Tuesday Blitz"]
[Site "Chess.com"]
[Date "2021.03.02"]
[Round "3"]
[White "WilliamSchill"]
[Black "Grammnik"]
[Result "0-1"]
[WhiteElo "2107"]
[BlackElo "2378"]
[TimeControl "180+1"]
[EndTime "10:26:57 PST"]
[Termination "Grammnik won on time"]

1. e4 c5 2. Nf3 d6 3. d4 cxd4 4.
Nxd4 Nf6 5. Nc3 a6 6. Bg5 e6 7. f4 Qb6 8. Qd2 Qxb2 9. Rb1 Qa3 10. e5 dxe5 11. fxe5 Nfd7 12. Be2 Qc5 13. O-O Nc6 14.
Be3 Nxd4 15. Bxd4 Qc7 16. Qf4 Nb8 17. Ne4 Nc6 18. Nd6+ Bxd6 19. exd6 Qd7 20. Bxg7 Rg8 21. Bf6 b5 22. Bh5 Bb7 23. Be7 Nxe7 24. Qxf7+ Kd8 25. dxe7+ Kc7 26. e8=Q Rgxe8 27. Qxd7+ Kxd7 28. Bxe8+ Kxe8 29. Rbe1 Bd5 30. a3 Rc8 31. Rf2 Rc3 0-1

[Event "*** Titled Tuesday Blitz"]
[Site "Chess.com"]
[Date "2021.03.02"]
[Round "3"]
[White "Mikhail_Golubev"]
[Black "MergenKakabaev"]
[Result "1-0"]
[WhiteElo "2589"]
[BlackElo "2396"]
[TimeControl "180+1"]
[EndTime "10:26:58 PST"]
[Termination "Mikhail_Golubev won by resignation"]

1. e4 e5 2. Nf3 Nc6 3. Bb5 a6 4. Ba4 Nf6 5. O-O Be7 6. d3 b5 7.
Bb3 d6 8. a3 O-O 9. Nbd2 Bg4 10. h3 Bh5 11. Re1 Nd4 12. Ba2 c5 13. g4 Bg6 14.
Nxd4 cxd4 15. Nf3 Rc8 16. Bd2 Nd7 17. Kg2 Re8 18. Rc1 Nc5 19. h4 Bxh4 20. g5 Bh5 21. Rh1 Bxf3+ 22. Qxf3 Bxg5 23. Qxf7+ Kh8 24. Qg6 Bh6 25.
Bxh6 gxh6 26. Rxh6 Qe7 27. Rch1 1-0

[Event "*** Titled Tuesday Blitz"]
[Site "Chess.com"]
[Date "2021.03.02"]
[Round "3"]
[White "dhaessel"]
[Black "djano"]
[Result "0-1"]
[WhiteElo "1958"]
[BlackElo "2476"]
[TimeControl "180+1"]
[EndTime "10:26:58 PST"]
[Termination "djano won on time"]

1. d4 Nf6 2. c4 e5 3. dxe5 Ng4 4. Nh3 Nc6 5. e3 Ngxe5 6. Nf4 Be7 7. Nc3 O-O 8. Be2 d6 9. b3 Bf5 10. Bb2 Re8 11. O-O Bf8 12. Nfd5 Be6 13. f4 Nd7 14.
Bf3 f5 15. Re1 Nb6 16. e4 Qd7 17. Nb5 fxe4 18. Bxe4 Bxd5 19. Bxd5+ Kh8 20. Bf3 a6 21. Nd4 Nxd4 22. Qxd4 c5 23. Qd2 Qf7 24. Rxe8 Rxe8 25. Rd1 Rd8 26. Be4 Be7 0-1

[Event "*** Titled Tuesday Blitz"]
[Site "Chess.com"]
[Date "2021.03.02"]
[Round "3"]
[White "Sibelephant"]
[Black "vinniethepooh"]
[Result "1-0"]
[WhiteElo "3052"]
[BlackElo "2711"]
[TimeControl "180+1"]
[EndTime "10:26:59 PST"]
[Termination "Sibelephant won on time"]

1. d4 Nf6 2. c4 c6 3. Nc3 d5 4.
cxd5 cxd5 5. Bf4 Nc6 6. e3 Bg4 7. Nf3 e6 8. Rc1 Bd6 9. Bg5 h6 10. Bh4 O-O 11. Bd3 Rc8 12. h3 Bh5 13. O-O g5 14. Bg3 Bxg3 15. fxg3 g4 16. hxg4 Nxg4 17.
Qe1 f5 18. Ne2 Nxe3 19. Nf4 Bxf3 20. Rxf3 Ng4 21. Qxe6+ Rf7 22. Bxf5 Rc7 23. Bxg4 Nxd4 24. Qg6+ Rg7 25. Be6+ Kf8 26. Rxc7 Nxf3+ 27. gxf3 Qxc7 28. Qf6+ Ke8 29. Bg4 Re7 30. Qg6+ Kd8 31. Qg8+ 1-0

[Event "*** Titled Tuesday Blitz"]
[Site "Chess.com"]
[Date "2021.03.02"]
[Round "3"]
[White "MerryPoppies"]
[Black "CM_rui"]
[Result "0-1"]
[WhiteElo "2141"]
[BlackElo "2353"]
[TimeControl "180+1"]
[EndTime "10:26:59 PST"]
[Termination "CM_rui won by resignation"]

1. d4 Nf6 2. c4 e6 3. Nc3 Bb4 4. Qc2 O-O 5. Nf3 d6 6. e3 Nbd7 7. Bd3 Qe7 8. a3 Bxc3+ 9. Qxc3 e5 10. e4 exd4 11. Qxd4 Nc5 12. O-O Nb3 13. Qc3 Nxa1 14.
Bg5 Bg4 15. Rxa1 h6 16. Bh4 Bxf3 17. gxf3 g5 18. Bg3 Nh5 19. Re1 Nf4 20. Kh1 Qe5 21. Qd2 Kh8 22. Rg1 Qf6 23. Bxf4 gxf4 24. Rg4 Rg8 25.
Qxf4 Qxf4 26. Rxf4 Rg7 27. Rg4 Rag8 28. h3 h5 29. Rxg7 Rxg7 30. Kh2 h4 31. f4 Kg8 32. Be2 f6 33. Bg4 Kf7 34. Kg2 f5 35.
exf5 Kf6 36. Kf3 Re7 37. Bh5 Kxf5 38. Bg4+ Kf6 39. f5 Re5 40. Kf4 a5 41. b4 a4 42.
Kf3 Re1 43. Bh5 Kxf5 44. Be8 Ra1 45. Kg2 Rxa3 0-1

[Event "*** Titled Tuesday Blitz"]
[Site "Chess.com"]
[Date "2021.03.02"]
[Round "3"]
[White "Cptn2"]
[Black "fridaywins"]
[Result "1-0"]
[WhiteElo "2349"]
[BlackElo "2120"]
[TimeControl "180+1"]
[EndTime "10:26:59 PST"]
[Termination "Cptn2 won on time"]

1. e4 c6 2. Nf3 d5 3. Nc3 Bg4 4. h3 Bxf3 5. Qxf3 e6 6. h4 Nd7 7. d3 h5 8. Bg5 Qa5 9. O-O-O d4 10. Ne2 Qxa2 11. Nxd4 Qa1+ 12. Kd2 Qxb2 13. Ne2 Bb4+ 14.
Ke3 Qxc2 15. Ng3 Ne5 16. Qe2 Bc5+ 17. d4 Qc3+ 18. Rd3 Bxd4+ 19. Kf4 Nxd3+ 20. Qxd3 Be5+ 21. Kf3 f6 22. Be3 Ne7 23. Qb1 b5 24. Ne2 Qa5 25. Nc1 Qc7 26. Nd3 a6 27. Nc5 Ng6 28. g3 Kf7 29.
Bh3 Rhe8 30. Qa2 Bd6 31. Nxe6 Ne5+ 32. Kg2 1-0

[Event "*** Titled Tuesday Blitz"]
[Site "Chess.com"]
[Date "2021.03.02"]
[Round "3"]
[White "mikolka1985"]
[Black "TigrVShlyape"]
[Result "0-1"]
[WhiteElo "2646"]
[BlackElo "2897"]
[TimeControl "180+1"]
[EndTime "10:27:00 PST"]
[Termination "TigrVShlyape won by resignation"]

1. d4 d5 2. c4 c6 3. Nc3 Nf6 4. e3 g6 5. Nf3 Bg7 6. Be2 O-O 7. O-O Qb6 8. b3 Bg4 9. h3 Bxf3 10. Bxf3 e6 11. Qc2 Nbd7 12. Bb2 Rfd8 13. g3 a5 14. Bg2 Qa7 15. Ne2 Ne8 16. a4 Nd6 17. Nf4 Rac8 18.
Qe2 dxc4 19. bxc4 c5 20. Ba3 Qa6 21. Rac1 cxd4 22. c5 Qxe2 23. Nxe2 d3 24. Nd4 d2 25.
Rc2 Bxd4 26. exd4 Nf5 27. Bxb7 Nxd4 28. Rxd2 Nxc5 29. Bxc8 Nf3+ 30. Kg2 Nxd2 31. Rc1 Ndb3 0-1

[Event "*** Titled Tuesday Blitz"]
[Site "Chess.com"]
[Date "2021.03.02"]
[Round "3"]
[White "Coiote53"]
[Black "UCantHandleDenker"]
[Result "0-1"]
[WhiteElo "2360"]
[BlackElo "2554"]
[TimeControl "180+1"]
[EndTime "10:27:02 PST"]
[Termination "UCantHandleDenker won by checkmate"]

1. e4 c5 2. Nf3 d6 3. d4 cxd4 4. Nxd4 Nf6 5. Nc3 g6 6. Be3 Bg7 7. f3 O-O 8. Qd2 Nc6 9. O-O-O Bd7 10. g4 Rc8 11. Kb1 Ne5 12. Be2 a6 13. h4 b5 14.
h5 Nc4 15. Bxc4 Rxc4 16. hxg6 fxg6 17. Bh6 Bxh6 18. Qxh6 Rf7 19. Nd5 Nxd5 20. exd5 Qf8 21. Qh4 Qg7 22. Ne6 Bxe6 23. dxe6 Rxf3 24. Rhf1 Rd4 25.
Rde1 Rdf4 26. Rh1 h5 27. Qg5 Rxg4 28. Qd5 Rf2 29. a3 Rgg2 30. Rc1 Qf6 31. Ka2 Rxc2 32.
Rhf1 Qxb2# 0-1

[Event "*** Titled Tuesday Blitz"]
[Site "Chess.com"]
[Date "2021.03.02"]
[Round "3"]
[White "chigorin28"]
[Black "Jagerrmeisterr"]
[Result "1-0"]
[WhiteElo "2490"]
[BlackElo "2626"]
[TimeControl "180+1"]
[EndTime "10:27:05 PST"]
[Termination "chigorin28 won by resignation"]

1. e4 c6 2. d4 d5 3. e5 Bf5 4. g4 Be4 5. f3 Bg6 6. h4 h5 7.
e6 hxg4 8. fxg4 Qd6 9. exf7+ Bxf7 10. Qf3 Nd7 11. Be3 e5 12. Nd2 Ngf6 13. Bh3 O-O-O 14.
O-O-O exd4 15. Bxd4 c5 16. Bf2 Ne5 17. Qg2 Nfd7 18.
Ngf3 d4 19. Bg3 Bd5 20. Rhe1 Re8 21. Qh2 Qa6 22. a3 d3 23. Nxe5 Nxe5 24. Bxe5 dxc2 25. g5+ Be6 26. Kxc2 Qa4+ 27. Kb1 Rxh4 28. Bxe6+ Rxe6 29. Qf2 Rh8 30. Qf5 Qd7 31. Nc4 1-0

[Event "*** Titled Tuesday Blitz"]
[Site "Chess.com"]
[Date "2021.03.02"]
[Round "3"]
[White "Camels1981"]
[Black "zurzan"]
[Result "1-0"]
[WhiteElo "2322"]
[BlackElo "2062"]
[TimeControl "180+1"]
[EndTime "10:27:06 PST"]
[Termination "Camels1981 won on time"]

1. e4 Nf6 2. e5 Nd5 3. Nc3 Nxc3 4. dxc3 g6 5. Bf4 Bg7 6. Qf3 O-O 7. O-O-O d6 8. h4 h5 9. Be2 Bg4 10. Qxb7 Bxe2 11.
Nxe2 Nd7 12. g4 dxe5 13. Be3 Qb8 14. Qc6 Nf6 15. gxh5 Nxh5 16. Ng3 Nf4 17. h5 Qe8 18. Qc4 g5 19. h6 Bf6 20. Ne4 Kh8 21. Rdg1 Rg8 22.
Qa6 Rd8 23. Nxf6 exf6 24. Qxf6+ Kh7 25. Rxg5 Ne2+ 26. Kb1 Rxg5 27. Qxg5 Qg8 28. Qxe5 Re8 29. Qxc7 1-0

[Event "*** Titled Tuesday Blitz"]
[Site "Chess.com"]
[Date "2021.03.02"]
[Round "3"]
[White "Fighter008"]
[Black "sergoy"]
[Result "1-0"]
[WhiteElo "2635"]
[BlackElo "2835"]
[TimeControl "180+1"]
[EndTime "10:27:07 PST"]
[Termination "Fighter008 won by checkmate"]

1. e4 c5 2. Nf3 d6 3. d4 cxd4 4. Nxd4 Nf6 5. Nc3 a6 6. Be3 e5 7. Nb3 Be6 8. Qd2 Be7 9. O-O-O O-O 10. f4 b5 11. f5 Bc4 12. g4 h6 13. h4 Nxg4 14. Rg1 h5 15. Bh3 Nxe3 16. Qxe3 Bxh4 17. Nd2 Nd7 18. Nxc4 bxc4 19. Qh6 Qf6 20. Qxh5 Nb6 21. Rg2 Rfd8 22. Rdg1 Kf8 23. Rxg7 Bf2 24. R1g6 Be3+ 25.
Kd1 fxg6 26. Qh8# 1-0

[Event "*** Titled Tuesday Blitz"]
[Site "Chess.com"]
[Date "2021.03.02"]
[Round "3"]
[White "bylavochka"]
[Black "mjray79"]
[Result "1-0"]
[WhiteElo "2192"]
[BlackElo "2468"]
[TimeControl "180+1"]
[EndTime "10:27:09 PST"]
[Termination "bylavochka won by checkmate"]

1. e4 e5 2. Nf3 Nc6 3. Nc3 Nf6 4. g3 g6 5. Bg2 Bg7 6. O-O O-O 7. d3 h6 8. Ne1 d6 9. h3 Nh7 10. f4 exf4 11. Bxf4 Ng5 12. Kh2 Bd7 13. Rb1 Qc8 14.
Bxg5 hxg5 15. Nd5 f5 16. Nf3 fxe4 17. Nxg5 exd3 18. Qxd3 Bf5 19. Qc4 Be6 20. Qh4 Rxf1 21. Qh7+ Kf8 22. Rxf1+ Bf5 23. Qxg6 Nd4 24. Qf7# 1-0

[Event "*** Titled Tuesday Blitz"]
[Site "Chess.com"]
[Date "2021.03.02"]
[Round "3"]
[White "GarciaIsaac"]
[Black "MillyNeuf"]
[Result "1-0"]
[WhiteElo "2569"]
[BlackElo "2275"]
[TimeControl "180+1"]
[EndTime "10:27:09 PST"]
[Termination "GarciaIsaac won by resignation"]

1. d4 Nf6 2. Nf3 d5 3. Bf4 c5 4. e3 Nc6 5. Nbd2 e6 6. c3 Bd6 7. Ne5 O-O 8. Bb5 Qc7 9. Ndf3 a6 10. Bxc6 bxc6 11. Qa4 cxd4 12. cxd4 c5 13. dxc5 Qxc5 14. O-O Bxe5 15. Nxe5 Qb5 16. Qa3 Rb8 17. b3 Bb7 18. Rac1 Rbc8 19. h3 a5 20. Rxc8 Rxc8 21. Rc1 Rxc1+ 22.
Qxc1 h6 23. Qc7 1-0

[Event "*** Titled Tuesday Blitz"]
[Site "Chess.com"]
[Date "2021.03.02"]
[Round "3"]
[White "ellennilssen"]
[Black "Kislov_Oleg"]
[Result "1/2-1/2"]
[WhiteElo "2274"]
[BlackElo "2509"]
[TimeControl "180+1"]
[EndTime "10:27:10 PST"]
[Termination "Game drawn by repetition"]

1. Nf3 d5 2. b3 Nf6 3. Bb2 c5 4. e3 Nc6 5. Bb5 Bd7 6. Bxc6 Bxc6 7. Ne5 Rc8 8. Nxc6 Rxc6 9. O-O e6 10. d3 Be7 11.
Nd2 O-O 12. Nf3 Nd7 13. c4 Bf6 14. Qe2 Bxb2 15. Qxb2 Qf6 16. Qxf6 Nxf6 17. Ne5 Ra6 18. Rfc1 b6 19. Kf1 Rd8 20. Ke2 Ne8 21. a4 f6 22. Nc6 Rd6 23. cxd5 exd5 24. Nb8 Ra5 25. d4 Kf7 26. b4 cxb4 27. Nc6 Ra6 28. Nxb4 Ra5 29. Nc6 Ra6 30. Nb4 Ra5 31. Nc6 Ra6 32. Nb4 1/2-1/2

[Event "*** Titled Tuesday Blitz"]
[Site "Chess.com"]
[Date "2021.03.02"]
[Round "3"]
[White "muchojogo"]
[Black "mhebden"]
[Result "0-1"]
[WhiteElo "2350"]
[BlackElo "2545"]
[TimeControl "180+1"]
[EndTime "10:27:11 PST"]
[Termination "mhebden won by resignation"]

1. e4 e5 2. Nf3 Nc6 3. Bc4 Nf6 4. Ng5 d5 5. exd5 Na5 6. Bb5+ Bd7 7. Qe2 Be7 8. O-O O-O 9. Bxd7 Qxd7 10. Qxe5 Nxd5 11. Nf3 Nc6 12. Qh5 Rfe8 13. d3 Bd6 14. Nc3 Nxc3 15.
bxc3 Ne5 16. Rb1 g6 17. Nxe5 Bxe5 18. Qf3 b6 19. c4 Rad8 20. Bg5 f6 21. Bf4 Qa4 22.
Bxe5 fxe5 23. Qe2 a5 24. Rb5 e4 25. dxe4 Qxa2 26. h4 Rd4 27. h5 Qxc4 28. Qxc4+ Rxc4 29. hxg6 hxg6 30. Rg5 Kh7 31. f3 Rxc2 32. Rd5 Re7 33.
Rfd1 c5 34. Rb1 Rb7 35. Rb5 a4 36. Rd6 a3 37. Rdxb6 Rxb6 38. Rxb6 a2 0-1

[Event "*** Titled Tuesday Blitz"]
[Site "Chess.com"]
[Date "2021.03.02"]
[Round "3"]
[White "BanjoKazooieN64"]
[Black "konradrutkowski"]
[Result "0-1"]
[WhiteElo "2546"]
[BlackElo "2394"]
[TimeControl "180+1"]
[EndTime "10:27:14 PST"]
[Termination "konradrutkowski won by resignation"]

1. e4 e5 2. Nf3 Nc6 3. Bc4 Nf6 4. Ng5 d5 5. exd5 Na5 6. Bb5+ Bd7 7. Qe2 Be7 8.
Bxd7+ Qxd7 9. Qxe5 O-O 10. O-O Nxd5 11. Nc3 Nxc3 12. dxc3 Nc6 13. Qe4 Bxg5 14. Bxg5 Rfe8 15. Qd3 Qg4 16. Be3 Ne5 17. Qd1 Qh4 18. Bd4 Rad8 19. Re1 c5 20. Bxe5 Rxd1 21. Raxd1 h6 22. Bg3 Rxe1+ 23.
Rxe1 Qf6 24. Kf1 Qa6+ 25. Re2 Qxa2 0-1

[Event "*** Titled Tuesday Blitz"]
[Site "Chess.com"]
[Date "2021.03.02"]
[Round "3"]
[White "BigAl"]
[Black "GoltsevDmitry2000"]
[Result "1-0"]
[WhiteElo "2534"]
[BlackElo "2745"]
[TimeControl "180+1"]
[EndTime "10:27:16 PST"]
[Termination "BigAl won by checkmate"]

1. Nf3 d5 2. g3 c6 3. Bg2 Bg4 4. O-O Nd7 5. d3 Ngf6 6. c4 e6 7. Be3 Bd6 8. Qb3 b6 9. Nc3 O-O 10. cxd5 Nxd5 11. Nxd5 cxd5 12. Qa4 Bh5 13. Rfc1 Nc5 14.
Qd1 Rc8 15. Nd4 Qd7 16. Bh3 Rc7 17. b4 Na4 18. Rxc7 Bxc7 19. Rc1 Bd6 20. Nc6 b5 21. Nxa7 Bxb4 22. Nc6 Nc3 23. Rxc3 Bxc3 24. Nd4 Ra8 25. Qb3 Bxd4 26. Bxd4 Bxe2 27. Qb2 Bxd3 28. Bxg7 Ra4 29.
Bh6 d4 30. Qd2 Bg6 31. Qg5 f5 32. Qf6 d3 33. Qf8# 1-0

[Event "*** Titled Tuesday Blitz"]
[Site "Chess.com"]
[Date "2021.03.02"]
[Round "3"]
[White "Joseacorrea"]
[Black "verdest"]
[Result "1/2-1/2"]
[WhiteElo "2091"]
[BlackElo "2473"]
[TimeControl "180+1"]
[EndTime "10:27:17 PST"]
[Termination "Game drawn by repetition"]

1. c4 e6 2. Nc3 d5 3. cxd5 exd5 4. d4 c6 5. Nf3 Nf6 6. Bg5 Be7 7. e3 Bf5 8. Bd3 Bxd3 9. Qxd3 Nbd7 10. O-O O-O 11. Rac1 Re8 12. a3 a5 13. Rfe1 Nf8 14. Ne5 Ne6 15.
f4 Nxg5 16. fxg5 Nd7 17. Nxf7 Kxf7 18. Qxh7 Bxg5 19. Rf1+ Bf6 20. e4 dxe4 21. Nxe4 Rxe4 22. Qxe4 Qb6 23. Rce1 Nf8 24. Qe7+ Kg8 25. Rxf6 gxf6 26.
Qxf6 Nh7 27. Qe6+ Kh8 28. Qe5+ Kg8 29. Qe6+ Kh8 30. Qe5+ Kg8 31. Qe6+ 1/2-1/2

[Event "*** Titled Tuesday Blitz"]
[Site "Chess.com"]
[Date "2021.03.02"]
[Round "3"]
[White "AlexeiShirov"]
[Black "Shuvalov"]
[Result "1-0"]
[WhiteElo "2823"]
[BlackElo "2535"]
[TimeControl "180+1"]
[EndTime "10:27:18 PST"]
[Termination "AlexeiShirov won by checkmate"]

1. e4 e6 2. d4 d5 3. e5 c5 4.
c3 Nc6 5. Nf3 Qb6 6. a3 Bd7 7.
b4 cxd4 8. cxd4 Rc8 9. Bb2 Nge7 10. Nc3 Na5 11. Nd2 Nc4 12. Bxc4 dxc4 13. Nce4 Nd5 14. Rc1 Qa6 15. O-O b5 16. Qg4 Bc6 17. Qg3 Qb7 18.
Rfe1 Qd7 19. Nc5 Qd8 20. Nde4 a5 21. bxa5 Qxa5 22. f4 Qa8 23. f5 exf5 24. Nd6+ Bxd6 25. exd6+ Kf8 26. d7 Rd8 27. Qd6+ Kg8 28. Re5 h5 29. Rce1 Rh6 30. Re8+ Kh7 31. Qf8 Rg6 32. Qh8# 1-0

[Event "*** Titled Tuesday Blitz"]
[Site "Chess.com"]
[Date "2021.03.02"]
[Round "3"]
[White "redblizzard"]
[Black "ShimanovAlex"]
[Result "0-1"]
[WhiteElo "2457"]
[BlackElo "2800"]
[TimeControl "180+1"]
[EndTime "10:27:18 PST"]
[Termination "ShimanovAlex won by resignation"]

1. e4 b6 2. d4 Bb7 3. Bd3 e6 4. Qe2 Nf6 5. Nf3 d5 6. e5 Nfd7 7. O-O c5 8. c3 Nc6 9. a3 Be7 10. Nbd2 g5 11. h3 h5 12. Nh2 cxd4 13. cxd4 Nxd4 14.
Qd1 Nxe5 15. Bb1 Ndc6 16. Re1 Qc7 17. b4 Bf6 18. Ra2 O-O-O 19. Nb3 Nc4 20. Bd3 g4 21. b5 N6e5 22. Bf4 Nf3+ 23. Qxf3 gxf3 24. Bxc7 Kxc7 25. Nxf3 Kb8 26. Nbd4 Rc8 27. a4 e5 28. Nc6+ Bxc6 29. bxc6 Rxc6 30. Bxc4 dxc4 31. Nxe5 Rc7 32. Rc2 c3 33. g4 hxg4 34. hxg4 Rd8 35. f4 Rd4 36. f5 Bxe5 37. Rxe5 Rxg4+ 38. Kf2 Rxa4 39.
f6 Rf4+ 40. Ke3 Rxf6 0-1

[Event "*** Titled Tuesday Blitz"]
[Site "Chess.com"]
[Date "2021.03.02"]
[Round "3"]
[White "DinaBelenkaya"]
[Black "WcmDominicToretto"]
[Result "1-0"]
[WhiteElo "2306"]
[BlackElo "1901"]
[TimeControl "180+1"]
[EndTime "10:27:19 PST"]
[Termination "DinaBelenkaya won on time"]

1. e4 e5 2. Nf3 Nc6 3. Bb5 a6 4. Ba4 Nf6 5. d3 Be7 6. Qe2 b5 7. Bb3 O-O 8. c3 a5 9. a4 b4 10. Nbd2 Bb7 11. Nc4 d5 12. exd5 Nxd5 13. O-O Bf6 14.
Qc2 h6 15. Re1 Re8 16. Ne3 Nf4 17. Bc4 Ba6 18. Ng4 Bxc4 19. dxc4 h5 20. Nxf6+ Qxf6 21. Qe4 Rad8 22. Bxf4 exf4 23. Qxe8+ Rxe8 24. Rxe8+ Kh7 25.
h4 Ne5 26. Ng5+ Kg6 27. Re1 Nxc4 28. cxb4 1-0

[Event "*** Titled Tuesday Blitz"]
[Site "Chess.com"]
[Date "2021.03.02"]
[Round "3"]
[White "Arkady_Gitelson"]
[Black "Alex-11211"]
[Result "1-0"]
[WhiteElo "2566"]
[BlackElo "2367"]
[TimeControl "180+1"]
[EndTime "10:27:20 PST"]
[Termination "Arkady_Gitelson won by resignation"]

1. Nf3 g6 2. g3 Bg7 3. d4 c5 4.
Bg2 cxd4 5. Nxd4 Nc6 6. Nb3 Nf6 7. O-O O-O 8. c4 d6 9. Nc3 Be6 10. Nd5 Ne5 11. Nxf6+ Bxf6 12. Bh6 Re8 13. c5 d5 14.
Nd4 Bc8 15. Rc1 Nc6 16. Nb5 Be6 17. Bf4 Rc8 18. Qd2 a6 19. Nc3 d4 20. Ne4 Bg7 21. Rfd1 Bxa2 22. Bh6 Bh8 23. e3 Bb3 24. Re1 dxe3 25. Qxe3 Bd5 26. Rcd1 Rc7 27. Nc3 Bxc3 28. Rxd5 Qc8 29. Qxc3 f6 30. Rd2 Kh8 31. Rde2 Ne5 32. Rxe5 1-0

[Event "*** Titled Tuesday Blitz"]
[Site "Chess.com"]
[Date "2021.03.02"]
[Round "3"]
[White "Savagelittlemole"]
[Black "garicradomir"]
[Result "1-0"]
[WhiteElo "2503"]
[BlackElo "2236"]
[TimeControl "180+1"]
[EndTime "10:27:20 PST"]
[Termination "Savagelittlemole won by resignation"]

1. e4 c5 2. Ne2 Nc6 3. g3 h5 4. h4 d6 5. Bg2 e5 6. d3 Be7 7.
Nbc3 Nh6 8. Bxh6 Rxh6 9. Qd2 Bg4 10. O-O-O Nd4 11. Kb1 Qd7 12. Rdf1 Bxe2 13. Nxe2 Nxe2 14. Qxe2 b5 15. f4 Bf6 16. Bh3 Qc6 17. fxe5 Bxe5 18.
Rf5 g6 19. Rff1 a5 20. Rh2 a4 21. Rhf2 Rh7 22. g4 hxg4 23. Qxg4 Ra7 24. h5 Rxh5 25. Rxf7 Rxf7 26. Qe6+ Kd8 27. Rxf7 Rxh3 28. Qxh3 Qe8 29. Ra7 Qc6 30. Qe6 1-0

[Event "*** Titled Tuesday Blitz"]
[Site "Chess.com"]
[Date "2021.03.02"]
[Round "3"]
[White "HanSchut"]
[Black "JQuiroga18"]
[Result "0-1"]
[WhiteElo "2223"]
[BlackElo "2434"]
[TimeControl "180+1"]
[EndTime "10:27:22 PST"]
[Termination "JQuiroga18 won by checkmate"]

1. e4 e5 2. Nf3 Nc6 3. Bc4 Nf6 4. d4 exd4 5. e5 d5 6. Bb5 Ne4 7. Nxd4 Bd7 8. Bxc6 bxc6 9. O-O Be7 10. f3 Nc5 11. f4 f5 12. exf6 Bxf6 13. Re1+ Kf7 14. f5 Re8 15. Rf1 Kg8 16. c3 Ne4 17. Nd2 c5 18.
Nxe4 dxe4 19. Nb3 Bb5 20. Qxd8 Raxd8 21. Re1 Re5 22. Be3 Rxf5 23. Bxc5 Bd3 24. Bxa7 Bh4 25. g3 Bg5 26. Be3 Rdf8 27. Kg2 Bxe3 28. Rxe3 Rf2+ 29. Kh3 Rxb2 30. Nc5 Bf1+ 31. Kh4 Rxh2+ 32. Kg4 Bh3+ 33. Kg5 h6+ 34. Kh4 Bf5# 0-1

[Event "*** Titled Tuesday Blitz"]
[Site "Chess.com"]
[Date "2021.03.02"]
[Round "3"]
[White "dragos420"]
[Black "GCamachoMartinez"]
[Result "1-0"]
[WhiteElo "2526"]
[BlackElo "2285"]
[TimeControl "180+1"]
[EndTime "10:27:24 PST"]
[Termination "dragos420 won by resignation"]

1. e4 c5 2. Nf3 d6 3. d4 cxd4 4.
Nxd4 Nf6 5. Nc3 g6 6. Be2 Bg7 7. Be3 O-O 8. Qd2 Ng4 9. Bxg4 Bxg4 10. f3 Bd7 11. O-O-O Nc6 12. h4 Ne5 13. b3 Rc8 14. Kb1 e6 15. h5 Qe7 16. Bg5 f6 17. Be3 g5 18. g3 h6 19. f4 Ng4 20. Bg1 Bc6 21.
Qe2 Rc7 22. Qxg4 f5 23. Qe2 Qf6 24. fxg5 hxg5 25. h6 Bxh6 26. Nxc6 Rxc6 27. Bd4 Qg6 28. exf5 exf5 29. Nd5 1-0

[Event "*** Titled Tuesday Blitz"]
[Site "Chess.com"]
[Date "2021.03.02"]
[Round "3"]
[White "CSB7"]
[Black "Ghost_Pepper"]
[Result "1-0"]
[WhiteElo "2571"]
[BlackElo "2386"]
[TimeControl "180+1"]
[EndTime "10:27:26 PST"]
[Termination "CSB7 won by resignation"]

1. d4 Nf6 2. Nf3 g6 3. c4 Bg7 4. Nc3 d5 5. cxd5 Nxd5 6. e4 Nxc3 7. bxc3 c5 8. Bb5+ Bd7 9. Rb1 Qc7 10. O-O O-O 11. Be3 Rd8 12. Qb3 Nc6 13. d5 Na5 14.
Qa4 Bg4 15. Be2 c4 16. Rfc1 e6 17. h3 Bxf3 18. Bxf3 Rac8 19. dxe6 fxe6 20. Bg4 Re8 21. Bxa7 Nc6 22. Bb6 Qf4 23. Qxc4 Ne5 24. Bxe6+ Kh8 25. Qxc8 Rxc8 26. Bxc8 Nd3 27. Rd1 Qxf2+ 28. Bxf2 1-0

[Event "*** Titled Tuesday Blitz"]
[Site "Chess.com"]
[Date "2021.03.02"]
[Round "3"]
[White "Euwe1234"]
[Black "HrvojeZagreb"]
[Result "1-0"]
[WhiteElo "2468"]
[BlackElo "2260"]
[TimeControl "180+1"]
[EndTime "10:27:27 PST"]
[Termination "Euwe1234 won by resignation"]

1. e4 e6 2. d4 d5 3. Nc3 dxe4 4. Nxe4 Nd7 5. Nf3 Ngf6 6. Bg5 Be7 7. Bxf6 Nxf6 8.
Bd3 O-O 9. O-O Nxe4 10. Bxe4 c5 11. dxc5 Qxd1 12. Raxd1 Bxc5 13. Ne5 f6 14. Nd7 Bxd7 15.
Rxd7 Rf7 16. Rfd1 Rb8 17. Rxf7 Kxf7 18. Rd7+ Kg8 19. Bxb7 f5 20. Kf1 Bb6 21. c3 Rd8 22.
Rxd8+ Bxd8 23. Ke2 Kf7 24. b4 Bb6 25. c4 a5 26. c5 Ba7 27. a3 Ke7 28. Kd3 axb4 29. axb4 g5 30. f3 h5 31. Bc8 g4 32. Kd4 h4 33. h3 gxh3 34. gxh3 Bb8 35. b5 Bg3 36. b6 Bf2+ 37. Kc4 f4 38. Kb5 e5 39. b7 1-0

[Event "*** Titled Tuesday Blitz"]
[Site "Chess.com"]
[Date "2021.03.02"]
[Round "3"]
[White "Rud_Makarian"]
[Black "GM_LOADING"]
[Result "1-0"]
[WhiteElo "2783"]
[BlackElo "2529"]
[TimeControl "180+1"]
[EndTime "10:27:28 PST"]
[Termination "Rud_Makarian won on time"]

1. b3 Nf6 2. Bb2 d5 3. h3 g6 4. g4 Bg7 5. Bg2 c5 6. e3 Nc6 7.
Ne2 O-O 8. f4 e5 9. fxe5 Ne4 10.
O-O Nxe5 11. Nbc3 Nc6 12. Nxe4 Bxb2 13. Nxc5 Bxa1 14. Qxa1 Be6 15. Nf4 Qd6 16. Nxb7 Qb4 17. Bxd5 Qxd2 18. Bxc6 Qxe3+ 19. Kh1 Rac8 20. Bg2 Rxc2 21.
Qf6 Qg3 22. Nd6 Rxa2 23. Rf3 Qe1+ 24. Kh2 Ra1 25. Rf1 Qxf1 26. Bxf1 Rxf1 27. Kg2 Re1 28.
Kf2 Rd1 29. Ne4 Rfd8 30. Nxe6 fxe6 31. Qxe6+ Kf8 32. Qf6+ Kg8 33. Qe7 Rf8+ 34. Nf6+ Rxf6+ 35. Qxf6 Rd8 36. Qxd8+ 1-0